 Dungeon Crawl Stone Soup version 0.30-a0-154-gb106f4c828 (webtiles) character file.

Game seed: 5600407146947360589

2265 Querens the Thaumaturge (level 9, -8/45 HPs)
             Began as a Deep Elf Conjurer on Sept 27, 2022.
             Was an Initiate of Vehumet.
             Mangled by Maggie
             ... wielding a +0 war axe
              (16 damage)
             ... on level 6 of the Dungeon.
             The game lasted 00:16:38 (3287 turns).

Querens the Thaumaturge (Deep Elf Conjurer)         Turns: 3287, Time: 00:16:39

Health: -8/45      AC:  4    Str:  6    XL:     9   Next: 16%
Magic:  5/24       EV: 14    Int: 36    God:    Vehumet [......]
Gold:   216        SH:  0    Dex: 13    Spells: 14/26 levels left

rFire   . . .      SeeInvis .    y - +10 halberd of Fuebui {venom, rC+ Will+ Str+2 Int+2}
rCold   + . .      Faith    .    (shield currently unavailable)
rNeg    . . .      Spirit   .    a - +0 robe
rPois   .          Reflect  .    k - +0 helmet
rElec   .          Harm     .    h - +0 cloak
rCorr   .          Rampage  .    (no gloves)
Will    ++...                    (no boots)
Stlth   +++.......               (no amulet)
HPRegen 0.15/turn                f - ring of willpower
MPRegen 0.19/turn                H - +6 ring of intelligence

@: no status effects
A: no striking features
a: Renounce Religion


You were on level 6 of the Dungeon.
You worshipped Vehumet.
Vehumet was noncommittal.
You visited 2 branches of the dungeon, and saw 7 of its levels.

You collected 385 gold pieces.
You spent 169 gold pieces at shops.

Inventory:

Hand Weapons
 y - the +10 halberd of Fuebui (weapon) {venom, rC+ Will+ Str+2 Int+2}
   (You found it on level 4 of the Dungeon)

   It poisons the flesh of those it strikes.
   Str:       It affects your strength (+2).
   Int:       It affects your intelligence (+2).
   rC:        It protects you from cold.
   Will:      It increases your willpower.
Missiles
 C - a throwing net
Armour
 a - a +0 robe (worn)
 h - a +0 cloak (worn)
 k - a +0 helmet (worn)
Magical Staves
 v - a staff of death
 w - a staff of poison
Jewellery
 f - a ring of willpower (left hand)
 m - an amulet of faith
 r - a +6 ring of dexterity
 H - a +6 ring of intelligence (right hand)
Wands
 t - a wand of roots (14)
 u - a wand of flame (8)
Scrolls
 d - 2 scrolls of immolation
 i - a scroll of brand weapon
 l - 5 scrolls of teleportation
 p - 2 scrolls of vulnerability
 q - a scroll of noise
 x - a scroll of fog
 z - a scroll of poison
 B - a scroll of blinking
 E - a scroll of fear
 F - a scroll of identify
 G - a scroll of summoning {unknown}
 I - a scroll of enchant armour {unknown}
Potions
 b - a potion of invisibility
 c - a potion of resistance {unknown}
 e - 2 potions of curing
 g - 2 potions of ambrosia {unknown}
 j - 2 potions of flight {unknown}
 n - a potion of heal wounds
 o - a potion of mutation {unknown}
 s - 3 potions of might
 A - a potion of haste {unknown}
 D - a potion of lignification
 J - a potion of berserk rage {unknown}


   Skills:
 - Level 5.2 Dodging
 - Level 5.6 Stealth
 + Level 9.2 Spellcasting
 + Level 8.6 Conjurations
 + Level 5.7 Translocations


You had 14 spell levels left.
You knew the following spells:

 Your Spells              Type           Power      Damage    Failure   Level
a - Magic Dart            Conj           100%       1d8       1%          1
b - Searing Ray           Conj           100%       2d8       1%          2
c - Iskenderun's Mystic   Conj/Tloc      62%        2d13      1%          4
d - Fulminant Prism       Conj/Hex       23%        3d13      4%          4
e - Apportation           Tloc           100%       N/A       1%          1

Your spell library contained the following spells:

 Spells                   Type           Power      Damage    Failure   Level
 Foxfire                  Conj/Fire      100%       2x1d9     1%          1
 Dazzling Flash           Conj/Hex       94%        N/A       1%          3
 Stone Arrow              Conj/Erth      94%        3d12      1%          3
 Necrotise                Necr           64%        1d7       2%          1
 Summon Small Mammal      Summ           64%        N/A       2%          1
 Kindle Blastsparks       Fire/Tloc/Air  60%        2d15      3%          3
 Flame Wave               Conj/Fire      47%        2d12      4%          4
 Inner Flame              Hex/Fire       16%        N/A       8%          3
 Animate Armour           Summ/Erth      32%        N/A       26%         4
 Lehudib's Crystal Spear  Conj/Erth      23%        10d7      100%        8


Dungeon Overview and Level Annotations

Branches:
Dungeon (6/15)             Temple (1/1) D:6

Altars:
Ashenzari
Cheibriados
Dithmenos
Elyvilon
Hepliaklqana
Qazlal
Trog
Uskayaw
Vehumet
Wu Jian

Shops:
D:4 ?   D:5 *

Annotations:
D:2 Terence
D:6 4 runed translucent doors, Maggie


Message History

The bolt of fire hits you!
* * * LOW HITPOINT WARNING * * *
Unknown command.
Unknown command.
Unknown command.
Unknown command.
The searing ray hits Maggie.
Maggie is severely wounded.
The searing ray hits the black bear.
You kill the black bear!
Vehumet accepts your kill.
You finish channelling your searing ray.
Unknown command.
Unknown command.
Unknown command.
You feel much better.
Maggie smiles, but it's obviously fake.
Maggie misses you.
Casting: Searing Ray (safe; 1% risk of failure)
Confirm with . or Enter, or press ? or * to list all spells.
Aiming: Searing Ray (safe; 1% risk of failure)
Press: ? - help, Shift-Dir - straight line, f/p - Maggie
Aim: Maggie, wielding a +0 war axe, wearing +0 steam dragon scales and carrying a wand of flame (23) (severely wounded, 83% to hit)
The searing ray hits Maggie.
Maggie is severely wounded. (Press . to maintain the ray.) Maggie hits you with a +0 war axe.
The searing ray hits Maggie.
Maggie is almost dead.
Maggie points at you and mumbles some strange words.
The bolt of fire hits you!!
* * * LOW HITPOINT WARNING * * *
The searing ray hits Maggie.
Maggie is almost dead.
Maggie misses you.
The searing ray hits Maggie but does no damage.
Maggie is almost dead.
You finish channelling your searing ray.
Maggie hits you with a +0 war axe!
You die...

##.....##.##
##.....##...#
............
#.......#...#
.##.....#.##
##.......##.)#####
##......# #
#.........#.......
#..##..#
#.........##.#####
#..# ....
#####.......#.# ###
##..# .##..
#8..####)...#......
..... ..
#..)...#....#......
#...#
#.@....##...#######
#.@.#...#...## ###
#....#...#....# #..
#..)##...##...#
##..
#...#.....#...#
#...
#...#.....#...#
#...
#...#.....#...#
#...
#...#).8(.#...#
#.## #.....#...#
#.##


You could see Maggie.

Vanquished Creatures
  Pikel (D:6)
  Sigmund (D:3)
  A black bear (D:6)
  4 ogres
  2 lemures (D:6)
  3 phantoms
  A scorpion (D:5)
  3 wights (D:6)
  6 hounds
  6 iguanas
  2 jellies (D:5)
  Jessica (D:2)
  Natasha (thrice) (D:3)
  2 orc wizards
  Robin (D:2)
  9 gnolls
  6 adders
  A white imp (D:6)
  An ufetubus (D:6)
  3 dart slugs
  17 orcs
  8 ball pythons
  3 endoplasms
  2 giant cockroaches
  13 goblins
  6 hobgoblins
  6 jackals
  4 kobolds
  2 quokkas (D:2)
  4 bats
  2 frilled lizards
  2 rats (D:2)
126 creatures vanquished.

Vanquished Creatures (others)
  A fulminant prism (D:6)
1 creature vanquished.

Grand Total: 127 creatures vanquished

Notes
Turn   | Place    | Note
-------+----------+-------------------------------------------
     0 | D:1      | Querens the Deep Elf Conjurer began the quest for the Orb.
     0 | D:1      | Reached XP level 1. HP: 10/10 MP: 6/6
   277 | D:1      | Reached XP level 2. HP: 15/15 MP: 5/8
   507 | D:2      | Learned a level 2 spell: Searing Ray
   560 | D:2      | Reached XP level 3. HP: 17/19 MP: 10/10
   714 | D:2      | Noticed Jessica
   729 | D:2      | Killed Jessica
   751 | D:2      | Reached XP level 4. HP: 22/24 MP: 3/11
   785 | D:2      | Reached skill level 4 in Spellcasting
   820 | D:2      | Noticed Robin
   834 | D:2      | Killed Robin
   835 | D:2      | Reached skill level 5 in Conjurations
   910 | D:2      | Noticed Terence
   939 | D:3      | Noticed Sigmund
  1010 | D:3      | Reached XP level 5. HP: 20/28 MP: 9/13
  1101 | D:3      | Noticed Natasha
  1105 | D:3      | Killed Natasha
  1253 | D:3      | Found a bloodstained altar of Trog.
  1304 | D:3      | Killed Sigmund
  1305 | D:3      | Reached skill level 5 in Spellcasting
  1305 | D:3      | Reached XP level 6. HP: 16/32 MP: 2/15
  1323 | D:3      | Noticed Natasha
  1346 | D:3      | Killed Natasha
  1376 | D:3      | Noticed Natasha
  1388 | D:3      | Killed Natasha
  1389 | D:3      | Reached skill level 5 in Stealth
  1872 | D:4      | Reached skill level 5 in Dodging
  1879 | D:4      | Identified the +10 halberd of Fuebui {venom, rC+ Will+
                  | Str+2 Int+2}
  1889 | D:4      | Reached XP level 7. HP: 36/36 MP: 6/17
  1948 | D:4      | Found Eqeckied's Magic Scroll Emporium.
  1951 | D:4      | Bought a scroll of identify for 26 gold pieces
  1951 | D:4      | Bought a scroll of teleportation for 39 gold pieces
  1951 | D:4      | Bought a scroll of poison for 52 gold pieces
  2175 | D:4      | Learned a level 4 spell: Iskenderun's Mystic Blast
  2180 | D:4      | Learned a level 4 spell: Fulminant Prism
  2277 | D:4      | Reached skill level 6 in Spellcasting
  2277 | D:4      | Reached skill level 1 in Translocations
  2309 | D:5      | Entered Level 5 of the Dungeon
  2356 | D:5      | Learned a level 1 spell: Apportation
  2528 | D:5      | Reached XP level 8. HP: 41/41 MP: 8/20
  2542 | D:5      | Reached skill level 7 in Spellcasting
  2565 | D:5      | Found a broken altar of Ashenzari.
  2745 | D:5      | Found Panuuhiq's General Store.
  2750 | D:5      | Bought a scroll of fear for 52 gold pieces
  2825 | D:6      | Found a runed translucent gate.
  2827 | D:6      | Found a runed translucent door.
  2838 | D:6      | Found a runed translucent gate.
  2838 | D:6      | Found a runed translucent gate.
  2945 | D:6      | Found a staircase to the Ecumenical Temple.
  2953 | Temple   | Entered the Ecumenical Temple
  2976 | Temple   | Became a worshipper of Vehumet
  3011 | D:6      | Noticed Pikel
  3019 | D:6      | Killed Pikel
  3020 | D:6      | Reached skill level 8 in Spellcasting
  3020 | D:6      | Reached skill level 5 in Translocations
  3077 | D:6      | Reached XP level 9. HP: 25/45 MP: 6/23
  3226 | D:6      | Reached skill level 9 in Spellcasting
  3275 | D:6      | Noticed Maggie
  3287 | D:6      | Mangled by Maggie

Illustrated notes

Levels and vault maps discovered:
D:1:      dpeg_arrival_boxes_within_box, layout_rooms
D:2:      layout_rooms, kennysheep_generic_room_7, uniq_terence, uniq_robin,
          uniq_jessica
D:3:      layout_basic, trog_book, uniq_natasha, uniq_sigmund
D:4:      layout_basic, serial_shops, kennysheep_mini_moat,
          hangedman_decor_growths, st_stairs_14
D:5:      layout_rooms, nicolae_ashenzari_skybound, serial_shops,
          kennysheep_little_box
D:6:      kennysheep_spiral_hall, layout_loops_ring, kennysheep_mini,
          minmay_temple_entry_junction, minmay_guarded_unrand_staff_of_olgreb,
          uniq_pikel, uniq_prince_ribbit1, uniq_maggie
Temple:   nicolae_temple_superstar

Skill      XL: |  1  2  3  4  5  6  7  8  9 |
---------------+----------------------------+-----
Stealth        | 3 4 5 |  5.6
Dodging        | 3 4 5 |  5.2
Spellcasting   | 4 5 6 8 9 |  9.2
Conjurations   | 5 6 8 |  8.6
Translocations | 2 5 |  5.7

Action                   |  1- 3 |  4- 6 |  7- 9 || total
-------------------------+-------+-------+-------++-------
Melee: Unarmed           |     1 |       |       ||     1
       Dagger            |    18 |    24 |       ||    42
       Punch             |       |     1 |       ||     1
       Halberd           |       |       |    37 ||    37
 Cast: Magic Dart        |    35 |    18 |    11 ||    64
       Searing Ray       |     2 |    17 |    35 ||    54
       Iskenderun's Myst |       |       |     1 ||     1
       Fulminant Prism   |       |       |     1 ||     1
Evoke: Wand              |       |     1 |       ||     1
  Use: Potion            |     2 |     3 |     1 ||     6
       Scroll            |       |     6 |     3 ||     9
 Stab: Sleeping          |       |     1 |     2 ||     3
Armor: Robe              |     3 |     6 |    10 ||    19
       Skin              |       |     7 |       ||     7
Dodge: Dodged            |    34 |    23 |    45 ||   102

Table legend: (Time is in decaauts)
 A = Elapsed time spent in this place.
 B = Non-inter-level travel time spent in this place.
 C = Inter-level travel time spent in this place.
 D = Time resting spent in this place.
 E = Time spent auto-exploring this place.
 F = Levels seen in this place.
 G = Mean time per level.
                   A        B        C        D        E       F      G
               +--------+--------+--------+--------+--------+-----+--------+
         Total |   3302 |   2969 |    333 |     18 |      0 |   7 |  471.7 |
       Dungeon |   3255 |   2944 |    311 |     18 |      0 |   6 |  542.5 |
        Temple |     46 |     24 |     22 |      0 |      0 |   1 |   46.0 |
               +--------+--------+--------+--------+--------+-----+--------+

Top non-repeatable levels by time:
     D:4: 670 daAuts
     D:3: 619 daAuts
     D:2: 613 daAuts
     D:5: 518 daAuts
     D:6: 421 daAuts
     D:1: 411 daAuts
  Temple: 46 daAuts
